 Dungeon Crawl Stone Soup version 0.26-a0-612-gd4d190f45e (webtiles) character file.

Game seed: 7086006194902061588

9 Colgate the Ruffian (level 2, 19/19 HPs)
             Began as a Tengu Berserker on Sept 8, 2020.
             Was a Follower of Trog.
             Quit the game on level 1 of the Dungeon.
             The game lasted 00:06:02 (457 turns).

Colgate the Ruffian (Tengu Berserker)                Turns: 457, Time: 00:06:03

Health: 19/19      AC:  2    Str: 17    XL:     2   Next: 16%
Magic:  3/3        EV: 12    Int: 13    God:    Trog [*.....]
Gold:   13         SH:  0    Dex: 13    Spells: 1/1 levels left

rFire    . . .     SeeInvis .     - Unarmed
rCold    . . .     Faith    .   (no shield)
rNeg     . . .     Spirit   .   a - +0 animal skin
rPois    .         Reflect  .   (helmet restricted)
rElec    .         Harm     .   (no cloak)
rCorr    .                      (no gloves)
MR       .....                  (boots unavailable)
Stlth    +.........             h - amulet of the acrobat
HPRegen  0.06/turn              c - +6 ring of intelligence
MPRegen  0.08/turn              (no ring)

@: no status effects
A: beak, talons 3
a: Berserk, Renounce Religion


You were on level 1 of the Dungeon.
You worshipped Trog.
Trog was aware of your devotion.
You visited 1 branch of the dungeon, and saw 1 of its levels.

You collected 13 gold pieces.

Inventory:

Hand Weapons
 g - a +3 spear
Missiles
 b - 22 stones (quivered)
 d - 19 poisoned darts
Armour
 a - a +0 animal skin (worn)
 j - a +0 ring mail
Jewellery
 c - a +6 ring of intelligence (left hand)
 h - an amulet of the acrobat (around neck)
Scrolls
 f - a scroll of teleportation {unknown}
Potions
 e - a potion of lignification {unknown}
 i - a potion of curing {unknown}


   Skills:
 - Level 3.0 Fighting
 - Level 2.1 Armour
 - Level 2.1 Dodging
 + Level 4.0 Unarmed Combat


You had one spell level left.
You didn't know any spells.
Your spell library was empty.

Dungeon Overview and Level Annotations

Branches:
Dungeon (1/15)

Altars:


Innate Abilities, Weirdness & Mutations

You have a beak for a mouth.
You have claws for feet.


Message History

Okay, then.
You start removing your armour.
You continue taking off your +0 animal skin. x4
You finish taking off your +0 animal skin.
You start putting on your armour.
You continue putting on your ring mail. x5
You finish putting on your +0 ring mail.
You start removing your armour.
You continue taking off your +0 ring mail. x4
You finish taking off your +0 ring mail.
You start putting on your armour.
You continue putting on your +0 animal skin. x5
You finish putting on your +0 animal skin.
Welcome back, Colgate the Tengu Berserker.
Trog says: Kill them all!
Press ? for a list of commands and other information.
Are you sure you want to abandon this character and quit the game? (Confirm with "yes".)
Okay, then.
Unknown command.
Unknown command.
Are you sure you want to abandon this character and quit the game? (Confirm with "yes".)

#.##............#.........####...
................'.........+......
##########...#.##.........####...
##.##.###.......## ##.# ####.#
##.....## ### #.# ##...##########
#####.### ##+## #......#
#.......# #.# #.####.# .....#@#
#.# #.# #.#
.....#.####.####.####.#
....................##.#
........##.....##.#.##.#
....#.#####...###.#..... ... #.
##.## #.####.# .. .. ### #......#
. ## ########


There were no monsters in sight!

Vanquished Creatures
  A dart slug (D:1)
  3 bats (D:1)
  A goblin (D:1)
  A hobgoblin (D:1)
  A rat (D:1)
7 creatures vanquished.

Notes
Turn   | Place    | Note
-------+----------+-------------------------------------------
     0 | D:1      | Colgate the Tengu Berserker began the quest for the Orb.
     0 | D:1      | Reached XP level 1. HP: 14/14 MP: 2/2
   255 | D:1      | Reached XP level 2. HP: 19/19 MP: 3/3
   259 | D:1      | Reached skill level 4 in Unarmed Combat
   457 | D:1      | Quit the game

Illustrated notes

Levels and vault maps discovered:
D:1:      sevenhm_arrival_forest_fort_large_4, layout_loops_corners,
          minmay_misc_feat_doors

Skill      XL: |  1  2 |
---------------+-------+-----
Unarmed Combat | 4 |  4.0
Fighting       | |  3.0
Armour         | |  2.1
Dodging        | |  2.1

Action                   || total
-------------------------++-------
Melee: Unarmed           ||    10
       Kick              ||     3
       Peck              ||     1
Throw: Stone             ||     4
Invok: Berserk           ||     1
 Stab: Sleeping          ||     1
Armor: Animal skin       ||     1
Dodge: Dodged            ||     1

Table legend: (Time is in decaauts)
 A = Elapsed time spent in this place.
 B = Non-inter-level travel time spent in this place.
 C = Inter-level travel time spent in this place.
 D = Time resting spent in this place.
 E = Time spent auto-exploring this place.
 F = Levels seen in this place.
 G = Mean time per level.
                   A        B        C        D        E       F      G
               +--------+--------+--------+--------+--------+-----+--------+
         Total |    468 |    468 |      0 |      0 |    378 |   1 |  468.0 |
       Dungeon |    468 |    468 |      0 |      0 |    378 |   1 |  468.0 |
               +--------+--------+--------+--------+--------+-----+--------+

Top non-repeatable levels by time:
     D:1: 468 daAuts
